NYP
SALEM-KEIZER VOLCANOES @ WEST VIRGINIA BLACK BEARS
07/17/2044
 
TOP OF THE 1ST
Salem-Keizer Volcanoes batting - Pitching for West Virginia Black Bears : RHP Francisco Castillo
Pitching: RHP Francisco Castillo
Batting: RHB Danny Gallo 0-0: Bunt missed!
0-1: Foul Ball, location: 2F
0-2: Strikes out looking
Batting: LHB Gil Caraveo 0-0: SINGLE (Groundball, 4D, EV 97.5 MPH)
Batting: LHB Jared Paige 0-0: Ball
1-0: Called Strike
1-1: Called Strike
1-2: Strikes out looking
Batting: LHB Ryan Anderson 0-0: Called Strike
Gil Caraveo steals 2nd base
0-1: Ball
1-1: Ball
2-1: Ball
3-1: Foul Ball, location: 2F
3-2: Base on Balls
Batting: RHB Justin Layton 0-0: Ball
1-0: Foul Ball, location: 2F
1-1: Called Strike
1-2: Ball
2-2: SINGLE (Groundball, 4MS, EV 66.2 MPH) (infield hit)
Gil Caraveo to third
Ryan Anderson to second
Batting: RHB Jason Gregor 0-0: Ball
1-0: GRAND SLAM HOME RUN (Flyball, 7LD, EV 92.5 MPH), Distance : 354 ft
Batting: RHB Gabe Ochoa 0-0: Ball
1-0: Foul Ball, location: 2F
1-1: DOUBLE (Line Drive, 89D, EV 98.1 MPH)
Batting: RHB John Tyra 0-0: Ball
1-0: Ball
2-0: Ground out 5-3 (Groundball, 56, EV 100.6 MPH)
Top of the 1st over - 4 runs, 4 hits, 0 errors, 1 left on base; Salem-Keizer 4 - West Virginia 0
BOTTOM OF THE 1ST
West Virginia Black Bears batting - Pitching for Salem-Keizer Volcanoes : LHP Chong-yeol Wong
Pitching: LHP Chong-yeol Wong
Batting: RHB Junki Nakamoto 0-0: SOLO HOME RUN (Line Drive, 9D, EV 97.5 MPH), Distance : 390 ft
Batting: RHB Mike Velazquez 0-0: Fly out, F3 (Popup, 34S, EV 63.1 MPH)
Batting: RHB Jose Almonte 0-0: Swinging Strike
0-1: Foul Ball, location: 2F
0-2: SINGLE (Groundball, 6MD, EV 102.5 MPH)
Batting: RHB Freddy Quintero 0-0: Ball
1-0: Called Strike
1-1: Ball
2-1: Foul Ball, location: 2F
2-2: Strikes out swinging
Batting: RHB Chris Pozzi 0-0: Ball
1-0: Ball
2-0: Ball
3-0: Called Strike
3-1: Fielders Choice at 2nd, 6-4 (Groundball, 6, EV 85.6 MPH)
Bottom of the 1st over - 1 run, 2 hits, 0 errors, 1 left on base; Salem-Keizer 4 - West Virginia 1
TOP OF THE 2ND
Salem-Keizer Volcanoes batting - Pitching for West Virginia Black Bears : RHP Francisco Castillo
Batting: RHB Alfredo Lemus 0-0: Ball
1-0: SINGLE (Flyball, 7LS, EV 91.9 MPH)
Batting: RHB Danny Gallo 0-0: Called Strike
0-1: Called Strike
Alfredo Lemus steals 2nd base
0-2: Ball
1-2: DOUBLE (Flyball, 89D, EV 93.8 MPH)
Alfredo Lemus scores
Batting: LHB Gil Caraveo 0-0: Ball
1-0: SINGLE (Line Drive, 8RS, EV 108.1 MPH)
Danny Gallo to third
Runner from 3rd tries for Home, SAFE, throw by CF to home
Gil Caraveo to second
Pitching: RHP Yuan-zhang Pi
Batting: LHB Jared Paige 0-0: Swinging Strike
0-1: Foul Ball, location: 2F
0-2: SINGLE (Groundball, 34D, EV 101.9 MPH)
Gil Caraveo to third
Runner from 3rd tries for Home, SAFE, throw by RF to home
Batting: LHB Ryan Anderson 0-0: Swinging Strike
0-1: Foul Ball, location: 2F
0-2: Strikes out swinging
Batting: RHB Justin Layton 0-0: Called Strike
0-1: Foul Ball, location: 2F
0-2: Ball
1-2: Foul Ball, location: 2F
1-2: Ball
2-2: Ball
3-2: Fielders Choice at 2nd, 6-4 (Groundball, 6, EV 86.2 MPH)
Batting: RHB Jason Gregor 0-0: Called Strike
Justin Layton steals 2nd base
0-1: Ball
1-1: Called Strike
1-2: Ground out 4-3 (Groundball, 4, EV 86.9 MPH)
Top of the 2nd over - 3 runs, 4 hits, 0 errors, 1 left on base; Salem-Keizer 7 - West Virginia 1
BOTTOM OF THE 2ND
West Virginia Black Bears batting - Pitching for Salem-Keizer Volcanoes : LHP Chong-yeol Wong
Batting: RHB Aaron Kaskie 0-0: Ball
1-0: Foul Ball, location: 2F
1-1: Ball
2-1: Swinging Strike
2-2: Strikes out swinging
Batting: LHB Donald Imre 0-0: Hit by Pitch
Batting: LHB Brandon Sarni 0-0: Ball
1-0: Ball
2-0: Ball
3-0: Base on Balls
Donald Imre to second
Batting: SHB Mike Corley 0-0: Ball
1-0: Ball
2-0: Called Strike
2-1: Called Strike
2-2: 3-RUN HOME RUN (Flyball, 7LD, EV 96.2 MPH), Distance : 359 ft
Batting: RHB Junki Nakamoto 0-0: Called Strike
0-1: Swinging Strike
0-2: Foul Ball, location: 2F
0-2: Strikes out looking
Batting: RHB Mike Velazquez 0-0: Reached on error, E5 (Groundball, 56S, EV 84.4 MPH)
Batting: RHB Jose Almonte 0-0: Ball
1-0: Ball
2-0: Ball
3-0: Base on Balls
Mike Velazquez to second
Batting: RHB Freddy Quintero 0-0: Ball
1-0: Foul Ball, location: 2F
1-1: Ball
2-1: Ball
3-1: Swinging Strike
3-2: Foul Ball, location: 2F
3-2: Foul Ball, location: 2F
3-2: Foul Ball, location: 2F
3-2: Fly out, F6 (Popup, P, EV 90.0 MPH)
Bottom of the 2nd over - 3 runs, 1 hit, 1 error, 2 left on base; Salem-Keizer 7 - West Virginia 4
TOP OF THE 3RD
Salem-Keizer Volcanoes batting - Pitching for West Virginia Black Bears : RHP Yuan-zhang Pi
Batting: RHB Gabe Ochoa 0-0: Foul Ball, location: 2F
0-1: Ball
1-1: Swinging Strike
1-2: Strikes out swinging
Batting: RHB John Tyra 0-0: Ball
1-0: Called Strike
1-1: Ball
2-1: Ball
3-1: Base on Balls
Batting: RHB Alfredo Lemus 0-0: Ball
1-0: Ball
Balk!
John Tyra to second
2-0: Called Strike
2-1: Ball
3-1: Foul Ball, location: 2F
3-2: Fly out, F8 (Flyball, 89D, EV 93.1 MPH)
Runner from 2nd tags up, SAFE at 3rd with throw by CF
Batting: RHB Danny Gallo 0-0: Foul Ball, location: 2F
0-1: Called Strike
0-2: Ball
1-2: Foul Ball, location: 2F
1-2: Ball
2-2: Ball
3-2: Strikes out swinging
Top of the 3rd over - 0 runs, 0 hits, 0 errors, 1 left on base; Salem-Keizer 7 - West Virginia 4
BOTTOM OF THE 3RD
West Virginia Black Bears batting - Pitching for Salem-Keizer Volcanoes : LHP Chong-yeol Wong
Batting: RHB Chris Pozzi 0-0: Ball
1-0: Called Strike
1-1: Ball
2-1: Swinging Strike
2-2: Ball
3-2: Foul Ball, location: 2F
3-2: Strikes out swinging
Batting: RHB Aaron Kaskie 0-0: Called Strike
0-1: Foul Ball, location: 2F
0-2: Ball
1-2: SINGLE (Groundball, 6MD, EV 98.8 MPH)
Batting: LHB Donald Imre 0-0: Called Strike
0-1: Ball
1-1: Swinging Strike
1-2: Ball
2-2: SINGLE (Groundball, 25, EV 68.1 MPH) (infield hit)
Aaron Kaskie to second
Batting: LHB Brandon Sarni 0-0: Ball
1-0: Called Strike
1-1: Ball
2-1: Reached on error, E2 (Groundball, 15S, EV 64.4 MPH)
Aaron Kaskie scores
Donald Imre to third
Batting: SHB Mike Corley 0-0: Ball
1-0: SINGLE (Groundball, 34D, EV 95.6 MPH)
Donald Imre scores
Brandon Sarni to third
Pitching: RHP Takashi Kino
Batting: RHB Junki Nakamoto 0-0: Ball
Mike Corley is caught stealing 2nd base 2-4
1-0: Foul Ball, location: 2F
1-1: Swinging Strike
1-2: Foul Ball, location: 2F
1-2: Foul Ball, location: 2F
1-2: Strikes out swinging
Bottom of the 3rd over - 2 runs, 3 hits, 1 error, 1 left on base; Salem-Keizer 7 - West Virginia 6
TOP OF THE 4TH
Salem-Keizer Volcanoes batting - Pitching for West Virginia Black Bears : RHP Yuan-zhang Pi
Batting: LHB Gil Caraveo 0-0: Ball
1-0: Called Strike
1-1: Ground out 4-3 (Groundball, 4, EV 80.0 MPH)
Batting: LHB Jared Paige 0-0: Ball
1-0: Foul Ball, location: 2F
1-1: Ball
2-1: Called Strike
2-2: Strikes out swinging
Batting: LHB Ryan Anderson 0-0: Ground out 6-3 (Groundball, 6, EV 83.8 MPH)
Top of the 4th over - 0 runs, 0 hits, 0 errors, 0 left on base; Salem-Keizer 7 - West Virginia 6
BOTTOM OF THE 4TH
West Virginia Black Bears batting - Pitching for Salem-Keizer Volcanoes : RHP Takashi Kino
Batting: RHB Mike Velazquez 0-0: Called Strike
0-1: Called Strike
0-2: Strikes out swinging
Batting: RHB Jose Almonte 0-0: SOLO HOME RUN (Flyball, 7D, EV 101.2 MPH), Distance : 397 ft
Batting: RHB Freddy Quintero 0-0: Fly out, F9 (Line Drive, 9, EV 88.1 MPH)
Batting: RHB Chris Pozzi 0-0: Ball
1-0: Ball
2-0: Ball
3-0: Base on Balls
Batting: RHB Aaron Kaskie 0-0: Ball
1-0: Called Strike
Chris Pozzi steals 2nd base (no throw)
1-1: Ball
2-1: Called Strike
2-2: Fly out, F8 (Line Drive, 8LM, EV 91.9 MPH)
Bottom of the 4th over - 1 run, 1 hit, 0 errors, 1 left on base; Salem-Keizer 7 - West Virginia 7
TOP OF THE 5TH
Salem-Keizer Volcanoes batting - Pitching for West Virginia Black Bears : RHP Yuan-zhang Pi
Batting: RHB Justin Layton 0-0: Called Strike
0-1: Called Strike
0-2: Foul Ball, location: 2F
0-2: Ball
1-2: Foul Ball, location: 2F
1-2: Ball
2-2: Foul Ball, location: 2F
2-2: Strikes out swinging
Pitching: RHP Xavier Stovall
Batting: RHB Jason Gregor 0-0: Called Strike
0-1: Ball
1-1: Swinging Strike
1-2: Ball
2-2: Ball
3-2: Base on Balls
Batting: RHB Gabe Ochoa 0-0: Ball
1-0: Ball
2-0: Called Strike
2-1: Ball
3-1: Called Strike
3-2: SINGLE (Groundball, 34D, EV 100.0 MPH)
Jason Gregor to second
Runner from 2nd tries for 3rd, SAFE, throw by RF made to third
Batting: RHB John Tyra 0-0: Ball
1-0: Called Strike
1-1: Ball
2-1: Called Strike
2-2: Strikes out looking
Batting: RHB Alfredo Lemus 0-0: Swinging Strike
0-1: Swinging Strike
0-2: Ball
1-2: Foul Ball, location: 2F
1-2: Strikes out swinging
Top of the 5th over - 0 runs, 1 hit, 0 errors, 2 left on base; Salem-Keizer 7 - West Virginia 7
BOTTOM OF THE 5TH
West Virginia Black Bears batting - Pitching for Salem-Keizer Volcanoes : RHP Takashi Kino
Batting: LHB Donald Imre 0-0: Foul Ball, location: 2F
0-1: Called Strike
0-2: Ball
1-2: Ball
2-2: Foul Ball, location: 2F
2-2: Ground out 3-1 (Groundball, 34D, EV 91.2 MPH)
Batting: LHB Brandon Sarni 0-0: Swinging Strike
0-1: Swinging Strike
0-2: Ball
1-2: Ball
2-2: Strikes out swinging
Batting: SHB Mike Corley 0-0: Called Strike
0-1: Ball
1-1: Called Strike
1-2: Ball
2-2: Strikes out swinging
Bottom of the 5th over - 0 runs, 0 hits, 0 errors, 0 left on base; Salem-Keizer 7 - West Virginia 7
TOP OF THE 6TH
Salem-Keizer Volcanoes batting - Pitching for West Virginia Black Bears : RHP Xavier Stovall
Batting: RHB Danny Gallo 0-0: SINGLE (Flyball, 78S, EV 91.9 MPH)
Batting: LHB Gil Caraveo 0-0: Swinging Strike
0-1: Called Strike
Danny Gallo steals 2nd base
0-2: Foul Ball, location: 2F
0-2: Ball
1-2: Ball
2-2: Foul Ball, location: 2F
2-2: Ground out U3 (Groundball, 34, EV 81.2 MPH)
Danny Gallo to third
Pitching: RHP Justin Smart
Batting: LHB Jared Paige 0-0: Ball
1-0: Called Strike
1-1: Foul Ball, location: 2F
1-2: 2-RUN HOME RUN (Line Drive, 9LD, EV 94.4 MPH), Distance : 347 ft
Batting: LHB Ryan Anderson 0-0: Ball
1-0: Called Strike
1-1: Ball
2-1: Called Strike
2-2: Ball
3-2: Base on Balls
Batting: RHB Justin Layton 0-0: SINGLE (Groundball, 56S, EV 74.4 MPH) (infield hit)
Ryan Anderson to second
Batting: RHB Jason Gregor 0-0: Ball
1-0: 3-RUN HOME RUN (Flyball, 7LD, EV 94.4 MPH), Distance : 364 ft
Pitching: LHP Latrell Tisdale
Batting: RHB Gabe Ochoa 0-0: Ball
1-0: Called Strike
1-1: Ball
2-1: Ball
3-1: Fly out, F8 (Flyball, 89M, EV 84.4 MPH)
Batting: RHB John Tyra 0-0: Called Strike
0-1: Ball
1-1: SINGLE (Line Drive, 8LS, EV 91.2 MPH)
Batting: RHB Alfredo Lemus 0-0: Ball
1-0: Called Strike
1-1: Swinging Strike
1-2: Fly out, F4 (Flyball, 34D, EV 88.8 MPH)
Top of the 6th over - 5 runs, 5 hits, 0 errors, 1 left on base; Salem-Keizer 12 - West Virginia 7
BOTTOM OF THE 6TH
West Virginia Black Bears batting - Pitching for Salem-Keizer Volcanoes : RHP Takashi Kino
Pitching: LHP Caleb Mullinax
Batting: RHB Junki Nakamoto 0-0: Hit by Pitch
Batting: RHB Mike Velazquez 0-0: Fly out, F8 (Flyball, 8RM, EV 93.1 MPH)
Batting: RHB Jose Almonte 0-0: Called Strike
Junki Nakamoto steals 2nd base
0-1: Ball
1-1: Ball
Junki Nakamoto steals 3rd base
2-1: Swinging Strike
2-2: Ball
3-2: Strikes out swinging
Batting: RHB Freddy Quintero 0-0: Ball
1-0: Swinging Strike
1-1: Ball
2-1: Called Strike
2-2: Strikes out swinging
Bottom of the 6th over - 0 runs, 0 hits, 0 errors, 1 left on base; Salem-Keizer 12 - West Virginia 7
TOP OF THE 7TH
Salem-Keizer Volcanoes batting - Pitching for West Virginia Black Bears : LHP Latrell Tisdale
Batting: RHB Danny Gallo 0-0: Ball
1-0: Foul Ball, location: 2F
1-1: Called Strike
1-2: Ball
2-2: Ball
3-2: Strikes out swinging
Batting: LHB Gil Caraveo 0-0: Ball
1-0: DOUBLE (Line Drive, 7LS, EV 110.6 MPH)
Pitching: RHP Shuji Ito
Batting: LHB Jared Paige 0-0: Ball
1-0: Foul Ball, location: 2F
1-1: Ball
2-1: Foul Ball, location: 2F
2-2: Foul Ball, location: 2F
2-2: Strikes out swinging
Batting: LHB Ryan Anderson 0-0: Swinging Strike
0-1: Ball
1-1: Swinging Strike
1-2: Strikes out looking
Top of the 7th over - 0 runs, 1 hit, 0 errors, 1 left on base; Salem-Keizer 12 - West Virginia 7
BOTTOM OF THE 7TH
West Virginia Black Bears batting - Pitching for Salem-Keizer Volcanoes : LHP Caleb Mullinax
Batting: RHB Chris Pozzi 0-0: Ball
1-0: Swinging Strike
1-1: Foul Ball, location: 2F
1-2: Ball
2-2: Ground out 6-3 (Groundball, 6, EV 86.9 MPH)
Batting: RHB Aaron Kaskie 0-0: Called Strike
0-1: Fly out, F9 (Flyball, 89M, EV 97.5 MPH)
Batting: LHB Donald Imre 0-0: Called Strike
0-1: Foul Ball, location: 2F
0-2: Ball
1-2: Ball
2-2: SINGLE (Groundball, 6MD, EV 104.4 MPH) (infield hit)
Batting: LHB Brandon Sarni 0-0: Ball
1-0: Foul Ball, location: 2F
1-1: Ground out U3 (Groundball, 3, EV 85.0 MPH)
Bottom of the 7th over - 0 runs, 1 hit, 0 errors, 1 left on base; Salem-Keizer 12 - West Virginia 7
TOP OF THE 8TH
Salem-Keizer Volcanoes batting - Pitching for West Virginia Black Bears : RHP Shuji Ito
Batting: RHB Justin Layton 0-0: Ball
1-0: Ground out 6-3 (Groundball, 6, EV 107.5 MPH)
Batting: RHB Jason Gregor 0-0: Fly out, F8 (Line Drive, 8LD, EV 86.2 MPH)
Batting: RHB Gabe Ochoa 0-0: Called Strike
0-1: Ball
1-1: Fly out, F8 (Flyball, 8RD, EV 95.0 MPH)
Top of the 8th over - 0 runs, 0 hits, 0 errors, 0 left on base; Salem-Keizer 12 - West Virginia 7
BOTTOM OF THE 8TH
West Virginia Black Bears batting - Pitching for Salem-Keizer Volcanoes : LHP Caleb Mullinax
Batting: SHB Mike Corley 0-0: Swinging Strike
0-1: Foul Ball, location: 2F
0-2: Strikes out swinging
Batting: RHB Junki Nakamoto 0-0: Called Strike
0-1: Ball
1-1: Fly out, F8 (Flyball, 89D, EV 100.0 MPH)
Batting: RHB Mike Velazquez 0-0: Swinging Strike
0-1: Swinging Strike
0-2: SINGLE (Groundball, 6D, EV 108.8 MPH)
Pitching: LHP Ian Martin
Batting: RHB Jose Almonte 0-0: Foul Ball, location: 2F
0-1: Ball
1-1: Ball
2-1: Ground out 2-3 (Groundball, 15S, EV 68.8 MPH)
Bottom of the 8th over - 0 runs, 1 hit, 0 errors, 1 left on base; Salem-Keizer 12 - West Virginia 7
TOP OF THE 9TH
Salem-Keizer Volcanoes batting - Pitching for West Virginia Black Bears : RHP Shuji Ito
Pinch Hitting: LHB Al Hernandez 0-0: Foul Ball, location: 2F
0-1: Ball
1-1: Called Strike
1-2: Ball
2-2: Strikes out swinging
Batting: RHB Alfredo Lemus 0-0: Called Strike
0-1: Fly out, F8 (Line Drive, 8LM, EV 91.9 MPH)
Batting: RHB Danny Gallo 0-0: Ball
1-0: Ground out 6-3 (Groundball, 6, EV 106.9 MPH)
Top of the 9th over - 0 runs, 0 hits, 0 errors, 0 left on base; Salem-Keizer 12 - West Virginia 7
BOTTOM OF THE 9TH
West Virginia Black Bears batting - Pitching for Salem-Keizer Volcanoes : LHP Ian Martin
Now at 2B: Ryan Johnston
Now at 3B: Alfredo Lemus
Batting: RHB Freddy Quintero 0-0: Called Strike
0-1: Foul Ball, location: 2F
0-2: Strikes out swinging
Batting: RHB Chris Pozzi 0-0: Foul Ball, location: 2F
0-1: Called Strike
0-2: Strikes out swinging
Batting: RHB Aaron Kaskie 0-0: Ball
1-0: Ball
2-0: Ball
3-0: Foul Ball, location: 2F
3-1: Ground out 6-3 (Groundball, 6S, EV 77.5 MPH)
Bottom of the 9th over - 0 runs, 0 hits, 0 errors, 0 left on base; Salem-Keizer 12 - West Virginia 7
Thursday, March 31st , 2022 - OOTP Baseball 22.12 Build 89